 Dungeon Crawl Stone Soup version 0.21.1-1-g345015fe64 (webtiles) character file.

93 Htamos the Chopper (level 4, -7/40 HPs)
             Began as a Deep Dwarf Fighter on July 10, 2018.
             Succumbed to an orc wizard's poison
             ... on level 2 of the Dungeon.
             The game lasted 00:02:32 (927 turns).

Htamos the Chopper (Deep Dwarf Fighter)              Turns: 927, Time: 00:02:34

Health: -7/40      AC:  6    Str: 20    XL:     4   Next: 37%
Magic:  4/4        EV:  7    Int:  9    God:
Gold:   107        SH:  9    Dex: 12    Spells: 3/3 levels left

rFire    . . .     SeeInvis .   a - +0 war axe
rCold    . . .     Gourm    .   c - +0 shield
rNeg     . . .     Faith    .   b - +0 scale mail
rPois    .         Spirit   .   (no helmet)
rElec    .         Reflect  .   l - scarf {repulsion}
rCorr    .         Harm     .   (no gloves)
MR       .....                  (no boots)
Stlth    ..........             (no amulet)
HPRegen  0.00/turn              (no ring)
MPRegen  0.09/turn              (no ring)

@: lethally poisoned (-7 -> -59), non-regenerating, slowed, repel missiles, very
slow
A: damage resistance, heal wounds, sense surroundings 1, no regeneration
a: Heal Wounds


You were on level 2 of the Dungeon.
You were not hungry.

You visited 1 branch of the dungeon, and saw 3 of its levels.

You collected 107 gold pieces.

Inventory:

Hand Weapons
 a - a +0 war axe (weapon)
 n - a -3 hand axe
Armour
 b - a +0 scale mail (worn)
 c - a +0 shield (worn)
 l - a scarf of repulsion (worn)
Jewellery
 q - an uncursed ring of protection from fire {unknown}
Scrolls
 e - a scroll of blinking {unknown}
 g - a scroll of fear {unknown}
 h - 2 scrolls of identify {unknown}
 k - a scroll of amnesia {unknown}
 p - a scroll of random uselessness {unknown}
Potions
 d - a potion of might
 i - a potion of heal wounds {unknown}
 j - a potion of cancellation {unknown}
 m - a potion of mutation {unknown}
 o - a potion of invisibility {unknown}
Comestibles
 f - 3 rations


   Skills:
 - Level 2.6 Fighting
 + Level 5.2 Axes
 - Level 3.2 Armour
 - Level 3.2 Shields


You had 3 spell levels left.
You didn't know any spells.

Dungeon Overview and Level Annotations

Branches:
Dungeon (3/15)

Altars:
Dithmenos


Innate Abilities, Weirdness & Mutations

You are resistant to damage.
You can heal yourself by infusing magical energy.
You passively map a small area around you.
You do not regenerate.


Message History

The orc wizard hits you but does no damage.
You are more poisoned.
The orc wizard casts a spell at you.
You feel as though you will be slow longer.
* * * LOW HITPOINT WARNING * * *
You feel extremely sick. You block the orc's attack.
You block the orc wizard's attack.
The orc wizard hits you but does no damage.
You are more poisoned.
The orc wizard hits you but does no damage.
The orc hits you but does no damage. The orc wizard misses you.
There is a stone staircase leading up here.
* * * LOW HITPOINT WARNING * * *
You feel extremely sick.
The orc wizard hits you but does no damage.
The orc wizard hits you with a dagger of venom.
You are more poisoned.
The orc barely misses you. You block the orc wizard's attack. x2
You climb upwards.
You die...

#### #... #.## #.# #####
#.## #...# ######## #.##
#...# #......# #.##
#...###o.....######.##
#...#@o.........).[...
#...#o#...####.####.#.
#...#.#...####.####.#.
#...#.#...#.......#.#.
#...#.#...#.......#.#.
#######...#.#...#.......#.#.
#...........#####.......#.#.
#...........# #...........
#...........# ##...........


You could see 2 orc wizards and an orc.

Vanquished Creatures
  Terence (D:2)
  3 gnolls (D:2)
  3 dart slugs
  A leopard gecko (D:1)
  2 giant cockroaches (D:2)
  2 goblins (D:1)
  7 hobgoblins
  A quokka (D:2)
  A ball python (D:2)
  6 bats
  2 frilled lizards
  3 kobolds
  A rat (D:1)
33 creatures vanquished.

Notes
Turn   | Place    | Note
-------+----------+-------------------------------------------
     0 | D:1      | Htamos the Deep Dwarf Fighter began the quest for the Orb.
     0 | D:1      | Reached XP level 1. HP: 20/20 MP: 1/1
   110 | D:1      | Reached skill level 3 in Axes
   111 | D:1      | Reached XP level 2. HP: 27/27 MP: 2/2
   520 | D:2      | Reached XP level 3. HP: 30/33 MP: 3/3
   569 | D:2      | Noticed Terence
   574 | D:2      | Reached skill level 4 in Axes
   583 | D:2      | Killed Terence
   583 | D:2      | Reached skill level 5 in Axes
   583 | D:2      | Reached XP level 4. HP: 22/40 MP: 4/4
   608 | D:2      | Found a shadowy altar of Dithmenos.
   927 | D:2      | Succumbed to an orc wizard's poison

Skill      XL: |  1  2  3 |
---------------+----------+-----
Axes           | 3 5 |  5.2
Fighting       | |  2.6
Armour         | |  3.2
Shields        | |  3.2

Action                   |  1- 3 |  4- 6 || total
-------------------------+-------+-------++-------
Melee: War axe           |   104 |    17 ||   121
 Abil: Heal Wounds       |       |     1 ||     1
  Use: Scroll            |       |     1 ||     1
Armor: Scale mail        |    66 |    13 ||    79
Dodge: Dodged            |    46 |     8 ||    54
       Deflected         |       |     1 ||     1
Block: Shield            |    78 |    16 ||    94
